 Dungeon Crawl Stone Soup version 0.27.1-3-gb3d3a73c9e (webtiles) character file.

Game seed: 13249330985312736669

47 pkoi the Slasher (level 3, -14/30 HPs)
             Began as a Minotaur Gladiator on Oct 17, 2021.
             Blown up by Ijyb (29 damage)
             ... with a mindburst bolt
             ... on level 3 of the Dungeon.
             The game lasted 00:02:14 (2121 turns).

pkoi the Slasher (Minotaur Gladiator)               Turns: 2121, Time: 00:02:15

Health: -14/30     AC: 10    Str: 19    XL:     3   Next: 48%
Magic:  2/2        EV:  8    Int:  5    God:
Gold:   31         SH:  0    Dex: 11    Spells: 2/2 levels left

rFire    . . .     SeeInvis .   a - +0 long sword (freeze)
rCold    . . .     Faith    .   (no shield)
rNeg     . . .     Spirit   .   l - +0 chain mail
rPois    .         Reflect  .   c - +0 hat
rElec    .         Harm     .   k - +0 cloak
rCorr    .         Rampage  .   j - +0 pair of gloves
Will     .....                  (no boots)
Stlth    ..........             (no amulet)
HPRegen  0.10/turn              (no ring)
MPRegen  0.08/turn              (no ring)

@: no status effects
A: horns 2, retaliatory headbutt
a: no special abilities


You were on level 3 of the Dungeon.
You visited 1 branch of the dungeon, and saw 3 of its levels.

You collected 67 gold pieces.
You spent 36 gold pieces at shops.

Inventory:

Hand Weapons
 a - a +0 long sword of freezing (weapon)
Missiles
 d - 3 throwing nets (quivered)
 i - 5 atropa-tipped darts
Armour
 c - a +0 hat (worn)
 j - a +0 pair of gloves (worn)
 k - a +0 cloak (worn)
 l - a +0 chain mail (worn)
Scrolls
 h - 2 scrolls of identify
Potions
 b - a potion of berserk rage {unknown}
 e - a potion of haste {unknown}
 f - 2 potions of curing


   Skills:
 - Level 2.4 Fighting
 + Level 5.5 Long Blades
 - Level 2.0 Throwing
 - Level 3.2 Dodging


You had 2 spell levels left.
You didn't know any spells.
Your spell library was empty.

Dungeon Overview and Level Annotations

Branches:
Dungeon (3/15)

Altars:

Shops:
D:2 !!*

Annotations:
D:2 1 runed translucent door, Crazy Yiuf
D:3 Ijyb


Innate Abilities, Weirdness & Mutations

You have a pair of horns on your head.
You reflexively headbutt those who attack you in melee.


Message History

You kill the endoplasm!
You open the door.
Crazy Yiuf shouts!
Crazy Yiuf yells, "Papa ena sizzlefizz!"
Key pressed, stopping explore.
Could not explore, unopened runed door.
Could not explore, unopened runed door.
Could not explore, unopened runed door.
Okay, then.
Could not explore, unopened runed door.
Could not explore, unopened runed door.
(D) Dungeon
Where to? (Enter - D:2, ? - help)
You see here a +0 club.
You see here a +0 hand axe.
There is a stone staircase leading down here.
You climb downwards.
There is a stone staircase leading up here.
As you read the scroll labelled XALIDDEMAO, it crumbles to dust.
You feel strangely unstable.
It was a scroll of teleportation.
As you read the scroll labelled HAR NUDUJUISKIO, it crumbles to dust.
Wisps of shadow whirl around you...
It was a scroll of summoning.
You swap places.
Your surroundings suddenly seem different.
Ijyb the Twisted Goblin comes into view.
She is wielding a +0 dagger and carrying a wand of mindburst (11).
Found 10 gold pieces.
Ijyb shouts!
You hear a shout!
Ijyb zaps a wand.
Your mind is blasted!
Ouch! That really hurt!
* * * LOW HITPOINT WARNING * * *
You hear a shout! x2
Unknown command. 2 orcs and an orc wizard come into view.
The orc shouts! x2; The orc wizard shouts!
You hear a shout!
An orc comes into view. It is wielding a +0 short sword.
The orc moves out of view. x2
A quokka comes into view.
Ijyb zaps a wand.
Your mind is blasted!
Ouch! That really hurt!
You die...

#..#.#
#.$#.##
#.....# ##
.....+ .r.
....#o.
....
######o##
#.g@....+
#..###..##
#. ##.# ..
#... ..
###.. #.
#.# # .# #


You could see Ijyb and an orc wizard.

Vanquished Creatures
  2 adders (D:2)
  A dart slug (D:1)
  2 ball pythons (D:2)
  6 endoplasms
  A hobgoblin (D:1)
  4 bats
  2 frilled lizards
  2 goblins
  5 kobolds
  3 rats
28 creatures vanquished.

Notes
Turn   | Place    | Note
-------+----------+-------------------------------------------
     0 | D:1      | pkoi the Minotaur Gladiator began the quest for the Orb.
     0 | D:1      | Reached XP level 1. HP: 18/18 MP: 0/0
   561 | D:1      | Reached skill level 4 in Long Blades
   706 | D:1      | Reached XP level 2. HP: 17/25 MP: 1/1
  1390 | D:2      | Found Bixiar's Distillery.
  1399 | D:2      | Reached skill level 5 in Long Blades
  1406 | D:2      | Bought a potion of curing for 36 gold pieces
  1425 | D:2      | Found Wecomath's Distillery.
  1439 | D:2      | Reached XP level 3. HP: 30/30 MP: 2/2
  1503 | D:2      | Found a runed translucent door.
  1504 | D:2      | Noticed Crazy Yiuf
  1851 | D:2      | Found Onoij's General Store.
  2118 | D:3      | Noticed Ijyb
  2121 | D:3      | Blown up by Ijyb

Illustrated notes

Levels and vault maps discovered:
D:1:      sevenhm_arrival_forest_fort_large_4, layout_loops_ring,
          minmay_misc_feat_encased, chequers_serial_rivers_micro_a,
          minmay_cupped
D:2:      layout_basic, serial_shops, shop, nicolae_shop_window_shopping,
          nicolae_shop_stone, uniq_crazy_yiuf_cottage
D:3:      cheibrodos_greedy_goblins, layout_basic, kennysheep_vampire_church,
          uniq_ijyb

Skill      XL: |  1  2 |
---------------+-------+-----
Long Blades    | 4 5 |  5.5
Fighting       | |  2.4
Throwing       | |  2.0
Dodging        | |  3.2

Action                   || total
-------------------------++-------
Melee: Long sword        ||    45
       Headbutt          ||     8
  Use: Scroll            ||     4
Armor: Ring mail         ||     3
       Chain mail        ||    16
Dodge: Dodged            ||    17
       Rpst.: Long sword ||     6
